 Dungeon Crawl Stone Soup version 0.28-a0-577-gb193047a1f (webtiles) character file.

Game seed: 12644557928681673938

1513 jasper the Stinger (level 8, -3/57 HPs)
             Began as a Demonspawn Venom Mage on Oct 1, 2021.
             Was a Follower of Vehumet.
             Slain by a wyvern (12 damage)
             ... on level 8 of the Dungeon.
             The game lasted 00:18:29 (8238 turns).

jasper the Stinger (Demonspawn Venom Mage)          Turns: 8238, Time: 00:18:30

Health: -3/57      AC: 11    Str:  8    XL:     8   Next: 53%
Magic:  11/14      EV: 12    Int: 20    God:    Vehumet [*.....]
Gold:   342        SH:  7    Dex: 13    Spells: 2/15 levels left

rFire   . . .      SeeInvis .   b - +2 dagger (venom)
rCold   . . .      Faith    .   r - +2 buckler
rNeg    . . .      Spirit   .   a - +0 robe
rPois   .          Reflect  .   m - +0 helmet
rElec   .          Harm     .   (no cloak)
rCorr   +          Rampage  .   (no gloves)
Will    .....                   k - +1 pair of boots
Stlth   ++........              h - amulet of magic regeneration
HPRegen 0.19/turn               c - ring of flight
MPRegen 0.53/turn               n - ring of resist corrosion

@: sanguine armoured, flying
A: hooves 2, powered by pain 1, magic regeneration, sanguine armour 1
a: Renounce Religion


You were on level 8 of the Dungeon.
You worshipped Vehumet.
Vehumet was aware of your devotion.
You visited 2 branches of the dungeon, and saw 9 of its levels.

You collected 432 gold pieces.
You spent 90 gold pieces at shops.

Inventory:

Hand Weapons
 b - a +2 dagger of venom (weapon)
Missiles
 e - 2 javelins
 f - 71 stones
 u - a curare-tipped dart
 v - 7 boomerangs
Armour
 a - a +0 robe (worn)
 k - a +1 pair of boots (worn)
 m - a +0 helmet (worn)
 q - a +2 kite shield
 r - a +2 buckler (worn)
 x - a +1 leather armour of willpower
Jewellery
 c - a ring of flight (left hand)
 h - an amulet of magic regeneration (around neck)
 n - a ring of resist corrosion (right hand)
 o - an amulet of reflection
 A - the ring "Reahurim" {rElec MP+9 EV+4 Str+5 Dex-3}
   (You found it on level 7 of the Dungeon)

   [ring of evasion]

   EV:        It affects your evasion (+4).
   Str:       It affects your strength (+5).
   Dex:       It affects your dexterity (-3).
   rElec:     It insulates you from electricity.
   MP:        It affects your magic capacity (+9).
Wands
 g - a wand of flame (5)
Scrolls
 y - 2 scrolls of teleportation
Potions
 d - a potion of haste {unknown}
 i - a potion of ambrosia
 j - 2 potions of heal wounds
 l - a potion of might {unknown}
 p - a potion of mutation {unknown}
 s - 2 potions of brilliance {unknown}
 t - a potion of magic {unknown}
 w - a potion of attraction {unknown}
 z - a potion of curing
Miscellaneous
 B - a box of beasts
 C - a phial of floods


   Skills:
 + Level 2.6 Fighting
 - Level 1.7 Dodging
 - Level 1.7 Stealth
 * Level 3.5 Shields
 + Level 4.1 Spellcasting
 - Level 2.4 Conjurations
 - Level 2.4 Necromancy
 - Level 2.0 Translocations
 - Level 1.4 Transmutations
 - Level 2.2 Air Magic
 - Level 7.0 Poison Magic


You had 2 spell levels left.
You knew the following spells:

 Your Spells              Type           Power      Damage    Failure   Level
a - Sting                 Tmut/Pois      84%        1d7       2%          1
b - Mephitic Cloud        Conj/Pois/Air  19%        N/A       8%          3
c - Olgreb's Toxic Radia  Pois           32%        N/A       7%          4
d - Blink                 Tloc           N/A        N/A       9%          2
e - Corpse Rot            Necr/Air       N/A        N/A       8%          2
f - Foxfire               Conj/Fire      36%        2x1d5     8%          1

Your spell library contained the following spells:

 Spells                   Type           Power      Damage    Failure   Level
 Poisonous Vapours        Pois/Air       44%        N/A       3%          2
 Magic Dart               Conj           56%        1d5       4%          1
 Searing Ray              Conj           28%        2d5       7%          2
 Summon Small Mammal      Summ           16%        N/A       13%         1
 Lesser Beckoning         Tloc           12%        N/A       17%         3
 Call Canine Familiar     Summ           4%         N/A       36%         3
 Summon Guardian Golem    Hex/Summ       4%         N/A       36%         3
 Fulminant Prism          Conj/Hex       4%         3d6       61%         4
 Manifold Assault         Tloc           12%        N/A       85%         5


Dungeon Overview and Level Annotations

Branches:
Dungeon (8/15)             Temple (1/1) D:5
   Lair: D:8-11

Altars:
Ashenzari
Cheibriados
Dithmenos
Elyvilon
Fedhas
Gozag
Hepliaklqana
Kikubaaqudgha
Makhleb
Nemelex Xobeh
Okawaru
Sif Muna
Trog
Vehumet
Wu Jian
Xom
Yredelemnul
Zin

Shops:
D:2 *

Annotations:
D:3 Terence
D:4 3 runed translucent doors, MisterAzrael's ghost, amateur MiFi


Innate Abilities, Weirdness & Mutations

You have hoof-like feet.
You sometimes gain a little power by taking damage.
You regenerate magic rapidly.
When seriously injured, your bleeding wounds create armour. (AC +6)


Message History

Your toxic aura wanes.
A nearby fungus withers and dies.
The centaur shoots an arrow.
The arrow barely misses you.
The water moccasin bites the fungus.
The fungus begins to die.
The centaur shoots an arrow.
The arrow hits you!
You focus on the pain.
You feel your power returning.
Your blood congeals into armour.
The arrow freezes you.
A centaur comes into view.
The water moccasin bites the fungus!
You take 16 damage, and have 32/57 hp.
MASSIVE DAMAGE!!
MP restored: 14 A nearby fungus withers and dies.
The centaur shoots an arrow.
The arrow hits you. The arrow freezes you.
You take 4 damage, and have 28/57 hp.
A nearby plant withers and dies.
The centaur shoots an arrow.
The arrow hits you. The arrow freezes you.
The centaur shoots an arrow.
The arrow completely misses you.
You take 1 damage, and have 27/57 hp.
The centaur shoots an arrow.
You block the arrow.
Casting: Olgreb's Toxic Radiance (dangerous; 8% risk of failure)
Confirm with . or Enter, or press ? or * to list all spells.
You begin to radiate toxic energy.
The bullfrog looks even sicker.
The centaur shouts!
The centaur is poisoned.
You kill the bullfrog!
Vehumet accepts your kill.
The wyvern looks even sicker.
The centaur looks even sicker.
You hear a shout!
You hear an angry growl.
The centaur shoots an arrow.
The arrow hits you. The arrow freezes you. The wyvern bites you.
The centaur shoots an arrow.
The arrow hits you!
* * * LOW HITPOINT WARNING * * *
The arrow freezes you.
* * * LOW HITPOINT WARNING * * *
Found a book of Debilitation.
Your toxic aura wanes.
The centaur shoots an arrow.
The arrow hits you.
* * * LOW HITPOINT WARNING * * *
The arrow freezes you.
* * * LOW HITPOINT WARNING * * *
The wyvern bites you!
You die...

##### .... ... #######
:. ..####.....# .#
.....PP<...# ####.######
o)P..P.P...###S.@.......
.P.....P...##...l......#
.PP.PP...)..S...c......#
.P.PP.P.P..........(...#
PP..PP...P.#...........#
PP.....PP..#c...........
PP.P...PPPP........)..#.
.PP.PP....#.........#
P..P................


You could see 2 water moccasins, a wyvern (very poisoned) and 2 centaurs.

Vanquished Creatures
  Edmund (D:6)
  Duvessa (D:6)
  A necrophage (D:7)
  A black bear (D:7)
  A phantom (D:6)
  A kobold brigand (D:6)
  A bullfrog (D:8)
  3 scorpions
  Dowan (D:6)
  2 orc priests (D:6)
  2 hounds
  A jelly (D:6)
  2 gnoll shamans
  A bullfrog skeleton (D:5)
  2 iguanas
  An orc wizard (D:8)
  A scorpion zombie (D:5)
  A killer bee zombie (D:4)
  2 howler monkey zombies (D:6)
  7 gnolls
  2 river rats (D:6)
  9 adders
  An ufetubus (D:6)
  A worm (D:2)
  3 dart slugs
  9 orcs
  7 ball pythons
  9 endoplasms
  6 giant cockroaches
  3 goblins
  6 hobgoblins
  4 jackals (D:5)
  2 quokkas
  4 bats
  3 frilled lizards
  14 kobolds
  6 rats
122 creatures vanquished.

Vanquished Creatures (others)
  A human (D:4)
  An orc wizard (D:6)
  20 foxfires
  13 fungi
  14 plants
  5 toadstools (D:1)
54 creatures vanquished.

Grand Total: 176 creatures vanquished

Notes
Turn   | Place    | Note
-------+----------+-------------------------------------------
     0 | D:1      | jasper the Demonspawn Venom Mage began the quest for the
                  | Orb.
     0 | D:1      | Reached XP level 1. HP: 13/13 MP: 3/3
   205 | D:1      | Reached skill level 1 in Transmutations
   212 | D:1      | Gained mutation: When seriously injured, your bleeding
                  | wounds create armour. (AC +6) [demonic ancestry]
   212 | D:1      | Reached XP level 2. HP: 19/19 MP: 1/5
   320 | D:1      | Found a faded altar of an unknown god.
  1497 | D:2      | Reached XP level 3. HP: 22/24 MP: 0/6
  1521 | D:2      | Learned a level 3 spell: Mephitic Cloud
  1567 | D:2      | Reached skill level 4 in Poison Magic
  1917 | D:2      | Found a sparkling altar of Nemelex Xobeh.
  2130 | D:2      | You are sucked into a shaft and drop 1 floor!
  2134 | D:3      | Noticed Terence
  2240 | D:2      | Found Gumoaz's General Store.
  2248 | D:2      | Bought a potion of curing for 30 gold pieces
  2248 | D:2      | Bought 2 potions of lignification for 60 gold pieces
  2345 | D:2      | Gained mutation: You have large cloven feet. [demonic
                  | ancestry]
  2345 | D:2      | Reached XP level 4. HP: 24/30 MP: 2/7
  3241 | D:3      | Reached skill level 5 in Poison Magic
  4495 | D:3      | Reached XP level 5. HP: 25/35 MP: 3/8
  4500 | D:3      | Learned a level 4 spell: Olgreb's Toxic Radiance
  4669 | D:4      | Found a runed translucent gate.
  4669 | D:4      | Found a runed translucent gate.
  4669 | D:4      | Found a runed translucent gate.
  4672 | D:4      | Noticed MisterAzrael's ghost (amateur MiFi)
  4797 | D:4      | Found an ancient bone altar of Kikubaaqudgha.
  4797 | D:4      | Noticed a human
  4802 | D:4      | Killed a human
  4845 | D:4      | Reached skill level 6 in Poison Magic
  5126 | D:5      | Entered Level 5 of the Dungeon
  5407 | D:5      | Gained mutation: You sometimes gain a little power by
                  | taking damage. [demonic ancestry]
  5407 | D:5      | Reached XP level 6. HP: 28/41 MP: 7/9
  5503 | D:5      | Reached skill level 7 in Poison Magic
  5666 | D:5      | Found a staircase to the Ecumenical Temple.
  5673 | Temple   | Entered the Ecumenical Temple
  5812 | Temple   | Became a worshipper of Vehumet
  6007 | D:6      | Noticed Duvessa
  6007 | D:6      | Noticed Dowan
  6017 | D:6      | Killed Dowan
  6018 | D:6      | Reached skill level 1 in Conjurations
  6018 | D:6      | Reached skill level 1 in Air Magic
  6024 | D:6      | HP: 1/58 [Duvessa (17)]
  6033 | D:6      | Gained mutation: You have hoof-like feet. [demonic
                  | ancestry]
  6033 | D:6      | Reached XP level 7. HP: 8/46 MP: 3/10
  6033 | D:6      | Killed Duvessa
  6107 | D:5      | Learned a level 2 spell: Blink
  6110 | D:5      | Learned a level 2 spell: Corpse Rot
  6409 | D:6      | Noticed Edmund
  6423 | D:6      | Reached skill level 1 in Necromancy
  6423 | D:6      | Reached skill level 1 in Translocations
  6428 | D:6      | Reached * piety under Vehumet
  6428 | D:6      | Offered knowledge of Foxfire by Vehumet.
  6452 | D:6      | Killed Edmund
  6616 | D:6      | Reached skill level 1 in Shields
  6626 | D:6      | Gained mutation: You regenerate magic rapidly. [demonic
                  | ancestry]
  6626 | D:6      | Reached XP level 8. HP: 30/53 MP: 11/13
  6628 | D:6      | Learned a level 1 spell: Foxfire
  6797 | D:6      | Reached skill level 1 in Fighting
  7693 | D:7      | Found a shimmering altar of Xom.
  7860 | D:7      | Noticed a slime creature
  7862 | D:7      | Noticed a tengu warrior
  8175 | D:7      | Identified the ring "Reahurim" {rElec MP+9 EV+4 Str+5
                  | Dex-3}
  8238 | D:8      | Slain by a wyvern

Illustrated notes

Levels and vault maps discovered:
D:1:      mrwooster_arrival_statue, layout_basic,
          hellmonk_ecumenical_altar_inner_sanctum, minmay_gold_behind_fungi,
          minmay_strange_pillars, minivault_24, serial_park_tiny_2
D:2:      layout_basic, basic_altar, serial_shops, shop, moated_statue
D:3:      layout_rooms, minmay_crystal_room, uniq_terence
D:4:      layout_gridville, tgw_kikubaaqudgha, gammafunk_ghost_nasty_kobolds
D:5:      layout_loops_ring, mainiacjoe_overflow_two_lobes,
          minmay_temple_entry_slanted, minivault_24, minmay_hedge_maze,
          minmay_misc_feat_x
D:6:      layout_basic, portal_sewer_entry_b, glass_columns_a, uniq_edmund,
          uniq_duvessa
D:7:      minmay_the_grid_four_pointed_star
          [minmay_the_grid_triangle_9x9_warning,
          minmay_the_grid_triangle_9x9_limited_checkers,
          minmay_the_grid_triangle_9x9_corruption,
          minmay_the_grid_triangle_9x9_shrine,
          minmay_the_grid_prize_diamond_cup], layout_loops_ring,
          xom_teletrap_fun
D:8:      layout_rooms, kennysheep_mini_moat, due_lair_maze_entry_diamond
Temple:   nicolae_temple_elliptical

Skill      XL: |  1  2  3  4  5  6  7  8 |
---------------+-------------------------+-----
Transmutations | 1 |  1.4
Poison Magic   | 4 5 6 7 |  7.0
Conjurations   | 1 2 |  2.4
Air Magic      | 1 2 |  2.2
Spellcasting   | 3 4 |  4.1
Necromancy     | 2 |  2.4
Translocations | 2 |  2.0
Shields        | 1 3 |  3.5
Fighting       | 2 |  2.6
Dodging        | |  1.7
Stealth        | |  1.7

Action                   |  1- 3 |  4- 6 |  7- 9 || total
-------------------------+-------+-------+-------++-------
Melee: Dagger            |    15 |    41 |    37 ||    93
       Unarmed           |       |     4 |       ||     4
Throw: Stone             |    33 |    41 |       ||    74
 Cast: Sting             |    77 |    71 |     8 ||   156
       Olgreb's Toxic Ra |       |    11 |    28 ||    39
       Foxfire           |       |       |    12 ||    12
Evoke: Wand              |       |     6 |    11 ||    17
  Use: Scroll            |     2 |     4 |       ||     6
       Potion            |       |     7 |     1 ||     8
 Stab: Sleeping          |       |     1 |       ||     1
       Paralysed         |       |     9 |       ||     9
Armor: Robe              |    12 |    10 |    13 ||    35
       Skin              |       |    13 |     2 ||    15
Dodge: Dodged            |    26 |    39 |    27 ||    92
Block: Buckler           |       |       |     7 ||     7

Table legend: (Time is in decaauts)
 A = Elapsed time spent in this place.
 B = Non-inter-level travel time spent in this place.
 C = Inter-level travel time spent in this place.
 D = Time resting spent in this place.
 E = Time spent auto-exploring this place.
 F = Levels seen in this place.
 G = Mean time per level.
                   A        B        C        D        E       F      G
               +--------+--------+--------+--------+--------+-----+--------+
         Total |   8254 |   7856 |    398 |   2253 |   4288 |   9 |  917.1 |
       Dungeon |   8102 |   7725 |    377 |   2253 |   4175 |   8 | 1012.8 |
        Temple |    151 |    130 |     21 |      0 |    113 |   1 |  151.0 |
               +--------+--------+--------+--------+--------+-----+--------+

Top non-repeatable levels by time:
     D:1: 1423 daAuts
     D:6: 1383 daAuts
     D:2: 1317 daAuts
     D:4: 1303 daAuts
     D:3: 1249 daAuts
     D:7: 706 daAuts
     D:5: 705 daAuts
  Temple: 151 daAuts
     D:8: 12 daAuts
